 Dungeon Sprint DCSS version 0.31-a0-344-gd109795599 (webtiles) character file.

Game seed: 8254905297627357683

1107 Conn the Arsonist (level 8, -4/48 HPs)
             Began as an Octopode Fire Elementalist on July 22, 2023.
             Was a Follower of Sif Muna.
             Slain by Erica
             ... wielding a +3 scimitar of flaming
              (15 damage)
             ... in the Dungeon (Sprint III: "The Ten Rune Challenge").
             The game lasted 00:06:18 (818 turns).

Conn the Arsonist (Octopode Fire Elementalist)       Turns: 818, Time: 00:06:18

Health: -4/48      AC:  3    Str: 12    XL:     8   Next: 33%
Magic:  10/21      EV: 14    Int: 18    God:    Sif Muna [*.....]
Gold:   22         SH:  0    Dex: 11    Spells: 14/25 levels left

rFire   . . .        g - +3 dagger (drain)
rCold   . . .        (no shield)
rNeg    . . .        (helmet restricted)
rPois   .            (no amulet)
rElec   .            (no ring)
rCorr   .            (no ring)
SInv    .            (no ring)
Will    .....        (no ring)
Stlth   +++++        (no ring)
HPRegen 0.28/turn    (no ring)
MPRegen 0.17/turn    (no ring)
                     (no ring)

%: no teleportation
@: slowed, very slow
A: almost no armour, amphibious, 8 rings, camouflage 1, gelatinous body 1,
nimble swimmer 1, tentacles, iridescent scales 1, strong 1
a: Renounce Religion, Channel Magic


You were in the Dungeon.
You worshipped Sif Muna.
Sif Muna was aware of your devotion.
You visited 1 branch You collected 22 gold pieces.

Inventory:

Hand Weapons
 f - a +0 long sword of holy wrath
 g - a +3 dagger of draining (weapon)
Wands
 k - a wand of roots (14)
Scrolls
 c - 2 scrolls of torment
 h - a scroll of identify
Potions
 a - 3 potions of magic
 b - a potion of curing
 d - a potion of haste
 e - a potion of berserk rage
 i - 2 potions of enlightenment
 j - 3 potions of mutation


   Skills:
 + Level 1.4 Fighting
 + Level 5.6 Dodging
 - Level 6.4 Stealth
 + Level 1.4 Unarmed Combat
 + Level 9.4 Spellcasting
 + Level 5.7 Conjurations
 * Level 2.2 Summonings
 + Level 11.7 Fire Magic


You had 14 spell levels left.
You knew the following spells:

 Your Spells              Type           Power      Damage    Failure   Level
a - Foxfire               Conj/Fire      100%       2x1d9     1%          1
b - Scorch                Fire           100%       2d9       1%          2
c - Inner Flame           Hex/Fire       29%        N/A       2%          3
d - Flame Wave            Conj/Fire      40%        2d11      2%          4
e - Summon Small Mammal   Summ           64%        N/A       3%          1

Your spell library contained the following spells:

 Spells                   Type           Power      Damage    Failure   Level
 Volatile Blastmotes      Fire/Tloc      58%        2d14      2%          3
 Apportation              Tloc           16%        N/A       9%          1
 Necrotise                Necr           32%        1d5       9%          1
 Sublimation of Blood     Necr           8%         N/A       13%         2
 Wereblood                Tmut           8%         N/A       13%         2
 Summon Hydra             Summ           8%         N/A       100%        7


Dungeon Overview and Level Annotations

Branches:
Dungeon (1/1)

Altars:
Dithmenos
Elyvilon
Kikubaaqudgha
Okawaru
Ru
Sif Muna
Trog
Uskayaw
Vehumet
Wu Jian
Yredelemnul
Zin
The Shining One

Annotations:
D Erica


Innate Abilities, Weirdness & Mutations

You cannot wear most types of armour.
You are amphibious.
You can wear up to eight rings at the same time.
Your skin changes colour to match your surroundings (Stealth+).
Your rubbery body absorbs attacks. (AC +1, EV +1)
You are camouflaged when in or above water. (Stealth+)
You have tentacles for arms and can constrict up to eight enemies at once.
You are partially covered in iridescent scales. (AC +2)
Your muscles are strong. (Str +4, Int/Dex -1)


Message History

Confirm with . or Enter, or press ? or * to list all spells.
You conjure some foxfire!
Unknown command.
Your foxfire dissipates! x2
Unknown command.
Casting: Foxfire (safe; 1% risk of failure)
Confirm with . or Enter, or press ? or * to list all spells.
You conjure some foxfire!
The foxfire hits Erica but does no damage.
Erica shouts!
Your foxfire dissipates!
Erica gestures wildly while chanting.
Erica flickers and vanishes!
Deactivating autopickup; reactivate with Ctrl-A.
Your foxfire dissipates!
The foxfire hits something.
You hear some strange, mumbled words.
A lance of force appears from out of thin air!
The lance of force hits you!!
You are knocked back by the lance of force.
You slam into the closed door!
Floosh!
You feel better.
Your quokka disappears in a puff of smoke!
Casting: Foxfire (safe; 1% risk of failure)
Confirm with . or Enter, or press ? or * to list all spells.
Casting: Flame Wave (dangerous; 2% risk of failure)
Press: ? - help, Dir - look around, f - activate A wave of flame ripples out!
The flame wave engulfs something. (Press . to intensify the flame waves.)
You hear some strange, mumbled words.
You feel yourself slow down.
Unknown command.
A wave of flame ripples out!
The flame wave engulfs something!
Something hits you! Something burns you.
* * * LOW HITPOINT WARNING * * *
Okay, then.
A wave of flame ripples out!
The flame wave engulfs something!
You finish channelling waves of flame.
Something hits you!
You die...

#___#___#__#
#...#__.#)_#
###'#'###'##
#..........#
'.⌠........#
#...######'#
#.⌠.#
#...#+#####
#...#
#...#§§§§§+
#)###
#...#.#§§@#
#...#
#...'.#§§{#
#___#
+...#.#.§§#
▓▓▓▓▓
▓▓▓▓▓▓▓▓▓▓▓


There were no monsters in sight!

Vanquished Creatures
  A deep elf pyromancer (D)
  A shadow (D)
  A necrophage (D)
  A water elemental (D)
  A jelly (D)
  A necromancer (D)
  A wizard (D)
  A kobold demonologist (D)
  3 humans (D)
  A wolf (D)
  2 endoplasms (D)
  2 rats (D)
16 creatures vanquished.

Vanquished Creatures (others)
  69 foxfires (D)
69 creatures vanquished.

Grand Total: 85 creatures vanquished

Notes
Turn   | Place    | Note
-------+----------+-------------------------------------------
     0 | D        | Conn the Octopode Fire Elementalist began the quest for the
                  | Orb.
     0 | D        | Reached XP level 1. HP: 11/11 MP: 3/3
   105 | D        | Noticed a wolf
   115 | D        | Reached skill level 4 in Fire Magic
   115 | D        | Reached XP level 2. HP: 1/17 MP: 1/6
   121 | D        | Reached skill level 5 in Fire Magic
   121 | D        | Reached XP level 3. HP: 21/21 MP: 0/7
   124 | D        | Learned a level 2 spell: Scorch
   128 | D        | Learned a level 3 spell: Inner Flame
   151 | D        | Gained mutation: You are clumsy. (Dex -2) [potion of
                  | mutation]
   151 | D        | Gained mutation: You are strong-willed. (Will+) [potion of
                  | mutation]
   152 | D        | Lost mutation: You are clumsy. (Dex -2) [potion of
                  | mutation]
   152 | D        | Lost mutation: You are strong-willed. (Will+) [potion of
                  | mutation]
   152 | D        | Gained mutation: Your muscles are strong. (Str +4, Int/Dex
                  | -1) [potion of mutation]
   152 | D        | Gained mutation: You are partially covered in iridescent
                  | scales. (AC +2) [potion of mutation]
   199 | D        | Noticed a water elemental
   201 | D        | Killed a water elemental
   202 | D        | Reached skill level 6 in Fire Magic
   202 | D        | Reached XP level 4. HP: 27/27 MP: 3/10
   266 | D        | Learned a level 4 spell: Flame Wave
   273 | D        | Noticed a human
   273 | D        | Noticed a deep elf pyromancer
   273 | D        | Noticed a human
   281 | D        | Noticed a fire elemental
   283 | D        | Killed a human
   284 | D        | Reached skill level 5 in Stealth
   284 | D        | Reached skill level 5 in Spellcasting
   284 | D        | Reached skill level 8 in Fire Magic
   284 | D        | Reached XP level 5. HP: 19/31 MP: 0/13
   284 | D        | Reached XP level 6. HP: 22/36 MP: 0/14
   437 | D        | Killed a deep elf pyromancer
   438 | D        | Reached skill level 5 in Dodging
   438 | D        | Reached skill level 1 in Unarmed Combat
   438 | D        | Reached skill level 5 in Conjurations
   438 | D        | Reached skill level 11 in Fire Magic
   438 | D        | Reached XP level 7. HP: 42/42 MP: 7/18
   464 | D        | Killed a human
   465 | D        | Reached skill level 1 in Fighting
   584 | D        | Found a glowing silver altar of Zin.
   585 | D        | Found a glowing golden altar of the Shining One.
   585 | D        | Found a white marble altar of Elyvilon.
   592 | D        | Found an ornate altar of the Wu Jian Council.
   593 | D        | Found a hide-covered altar of Uskayaw.
   593 | D        | Found a bloodstained altar of Trog.
   597 | D        | Found a radiant altar of Vehumet.
   597 | D        | Found a shimmering blue altar of Sif Muna.
   597 | D        | Found an ancient bone altar of Kikubaaqudgha.
   602 | D        | Reached XP level 8. HP: 42/48 MP: 9/21
   610 | D        | Became a worshipper of Sif Muna the Loreminder
   613 | D        | Learned a level 1 spell: Summon Small Mammal
   617 | D        | Found an iron altar of Okawaru.
   673 | D        | Found a basalt altar of Yredelemnul.
   673 | D        | Found a shadowy altar of Dithmenos.
   673 | D        | Found a sacrificial altar of Ru.
   677 | D        | Reached skill level 1 in Summonings
   711 | D        | Noticed a shadow
   718 | D        | Killed a shadow
   718 | D        | Reached * piety under Sif Muna
   792 | D        | Noticed Erica
   818 | D        | Slain by Erica

Illustrated notes

Levels and vault maps discovered:
D:        dungeon_sprint_mu [sprint_mu_entry_forest, sprint_mu_temple_rooms,
          sprint_mu_d1_horrors, sprint_mu_d2_genie, sprint_mu_d3_branching,
          sprint_mu_orc_legion, sprint_mu_elf_gauntlet, sprint_mu_hive_nellie,
          sprint_mu_lair_fedhas, sprint_mu_vaults_butterflies,
          sprint_mu_slime_circle, sprint_mu_swamp_cave, sprint_mu_shoals_kraken,
          sprint_mu_blade_basic, sprint_mu_crypt_fortress,
          sprint_mu_tomb_spiral, sprint_mu_vestibule_basic,
          sprint_mu_gehenna_hellfire, sprint_mu_dis_giant,
          sprint_mu_tartarus_statrot, sprint_mu_cocytus_islands, sprint_mu_zot1]

Skill      XL: |  1  2  3  4  5  6  7  8 |
---------------+-------------------------+-----
Stealth        | 3 4 5 6 |  6.4
Spellcasting   | 3 4 5 8 9 |  9.4
Fire Magic     | 4 5 6 8 11 | 11.7
Dodging        | 3 4 5 |  5.6
Conjurations   | 2 3 5 |  5.7
Unarmed Combat | 1 |  1.4
Fighting       | 1 |  1.4
Summonings     | 2 |  2.2

Action                     |  1- 3 |  4- 6 |  7- 9 || total
---------------------------+-------+-------+-------++-------
  Melee: Unarmed           |    11 |       |       ||    11
         Tentacles         |     5 |       |       ||     5
         Constrict         |     1 |       |       ||     1
   Cast: Foxfire           |    10 |     9 |    19 ||    38
         Scorch            |     2 |     4 |       ||     6
         Flame Wave        |       |       |     4 ||     4
         Inner Flame       |       |       |     2 ||     2
         Summon Small Mamm |       |       |     1 ||     1
    Use: Potion            |     3 |     1 |     1 ||     5
         Scroll            |     3 |     2 |       ||     5
  Dodge: Dodged            |     7 |       |     3 ||    10

Table legend: (Time is in decaauts)
 A = Elapsed time spent in this place.
 B = Non-inter-level travel time spent in this place.
 C = Inter-level travel time spent in this place.
 D = Time resting spent in this place.
 E = Time spent auto-exploring this place.
 F = Levels seen in this place.
 G = Mean time per level.
                   A        B        C        D        E       F      G
               +--------+--------+--------+--------+--------+-----+--------+
         Total |    797 |    797 |      0 |    310 |    155 |   1 |  797.0 |
       Dungeon |    797 |    797 |      0 |    310 |    155 |   1 |  797.0 |
               +--------+--------+--------+--------+--------+-----+--------+

Top non-repeatable levels by time:
       D: 797 daAuts
